 Dungeon Crawl Stone Soup version 0.30-a0-808-g6e0788376e (webtiles) character file.

Game seed: 2319907955019216295

540 demibob the Spear-Bearer (level 7, -4/50 HPs)
             Began as a Merfolk Gladiator on Feb 25, 2023.
             Was an Initiate of Gozag.
             Slain by a wyvern (7 damage)
             ... on level 5 of the Dungeon.
             The game lasted 00:08:09 (4122 turns).

demibob the Spear-Bearer (Merfolk Gladiator)        Turns: 4122, Time: 00:08:10

Health: -4/50      AC: 12    Str: 14    XL:     7   Next: 26%
Magic:  7/7        EV: 28    Int:  8    God:    Gozag
Gold:   319        SH:  0    Dex: 17    Spells: 6/6 levels left

rFire   + . .      SeeInvis +    a - +1 trident
rCold   . . .      Faith    .    (no shield)
rNeg    . . .      Spirit   .    u - +2 leather armour {rF+}
rPois   .          Reflect  .    c - +1 helmet
rElec   .          Harm     .    h - +2 cloak
rCorr   .          Rampage  .    (no gloves)
Will    .....                    j - +1 pair of boots
Stlth   +                        l - amulet of the acrobat
HPRegen 0.28/turn                L - ring of flight
MPRegen 0.10/turn                v - ring of see invisible

@: acrobatic, flying
A: (nimble swimmer 2), mertail
a: Renounce Religion, Potion Petition, Call Merchant, Bribe Branch


You were on level 5 of the Dungeon.
You worshipped Gozag.
Gozag was aware of your devotion.
You visited 2 branches of the dungeon, and saw 6 of its levels.

You collected 390 gold pieces.
You paid 71 gold pieces to Gozag.


Innate Abilities, Weirdness & Mutations

((You are very nimble when in or above water. (Stealth+, EV+, Speed+++)))
Your lower body shifts to a powerful aquatic tail in water.


   Skills:
 - Level 2.1 Fighting
 + Level 10.6 Polearms
 - Level 2.0 Throwing
 - Level 4.0 Dodging


You had 6 spell levels left.
You didn't know any spells.
Your spell library contained the following spells:

 Spells                   Type           Power      Damage    Failure   Level
 Magic Dart               Conj           0%         1d3       50%         1
 Call Imp                 Summ           0%         N/A       63%         2
 Ensorcelled Hibernation  Hex/Ice        0%         N/A       63%         2
 Dazzling Flash           Conj/Hex       0%         N/A       86%         3
 Inner Flame              Hex/Fire       0%         N/A       86%         3
 Mephitic Cloud           Conj/Pois/Air  0%         N/A       86%         3
 Spider Form              Tmut/Pois      0%         N/A       86%         3
 Anguish                  Hex/Necr       0%         N/A       99%         4
 Cause Fear               Hex            0%         N/A       99%         4
 Agony                    Necr           0%         N/A       100%        5
 Silence                  Hex/Air        0%         N/A       100%        5
 Discord                  Hex            0%         N/A       100%        8

Inventory:

Hand Weapons
 a - a +1 trident (weapon)
Missiles
 d - 3 throwing nets (quivered) {=f}
 e - a javelin
Armour
 c - a +1 helmet (worn)
 h - a +2 cloak (worn)
 j - a +1 pair of boots (worn)
 u - a +2 leather armour of fire resistance (worn)
Jewellery
 l - an amulet of the acrobat (around neck)
 n - an amulet of guardian spirit
 v - a ring of see invisible (right hand)
 L - a ring of flight (left hand)
 N - a ring of positive energy
Wands
 s - a wand of flame (11)
Scrolls
 m - a scroll of immolation
 x - 4 scrolls of teleportation {@r2}
Potions
 f - a potion of invisibility {unknown}
 g - a potion of flight
 i - a potion of magic {unknown}
 o - a potion of cancellation {unknown}
 p - 2 potions of brilliance
 q - a potion of ambrosia {unknown}
 r - a potion of resistance {unknown}
 t - a potion of mutation {unknown}

Dungeon Overview and Level Annotations

Branches:
Dungeon (5/15)             Temple (1/1) D:4

Altars:
Cheibriados
Elyvilon
Gozag
Nemelex Xobeh
Okawaru
Trog
Wu Jian
Yredelemnul

Shops:
D:3 =

Annotations:
D:5 Edmund

...............## #...
.##......##....# ....
.##.......###.## ...
.........##...## ...
..........#....#### #....
................#.#......
......#.....###..........
............ ##Sl####....
....... #..@# .
.............#
...........#..#
.........##..# ...... #..
$ ...... ... ...... ....
..... .....


You could see a wyvern and an adder.


Message History

You are too injured to fight recklessly!
You are too injured to fight recklessly!
You are too injured to fight recklessly!
You are too injured to fight recklessly!
You are too injured to fight recklessly!
You hit the wyvern.
The wyvern is almost dead.
The wyvern bites you.
* * * LOW HITPOINT WARNING * * *
The adder bites you but does no damage. The wyvern bites you!
* * * LOW HITPOINT WARNING * * *
You barely miss the wyvern.
The wyvern is almost dead.
The adder bites you but does no damage. The wyvern barely misses you.
Okay, then.
You closely miss the wyvern.
The wyvern is almost dead.
The adder bites you but does no damage. The wyvern barely misses you.
Okay, then.
You barely miss the wyvern.
The wyvern is almost dead.
The adder bites you but does no damage. The wyvern barely misses you.
You hit the wyvern but do no damage.
The wyvern is almost dead.
The wyvern bites you.
* * * LOW HITPOINT WARNING * * *
The adder bites you but does no damage. The adder attacks as you move away!
The adder misses you. The wyvern bites you!
You die...
Your body crumbles into a pile of gold.

Skill      XL: |  1  2  3  4  5  6 |
---------------+-------------------+-----
Polearms       | 5 6 7 9 10 | 10.6
Fighting       | |  2.1
Throwing       | |  2.0
Dodging        | |  4.0

Action                     |  1- 3 |  4- 6 |  7- 9 || total
---------------------------+-------+-------+-------++-------
  Melee: Trident           |    99 |   219 |    34 ||   352
         Punch             |       |     3 |       ||     3
    Use: Scroll            |       |    14 |       ||    14
         Potion            |       |     1 |       ||     1
   Stab: Sleeping          |       |     3 |       ||     3
         Distracted        |       |     1 |       ||     1
 Armour: Leather armour    |    22 |    61 |     9 ||    92
  Dodge: Dodged            |    56 |   154 |    19 ||   229

Levels and vault maps discovered:
D:1:      saegor_arrival_simple_e, layout_basic, minmay_tetromino_o4
D:2:      layout_basic, kennysheep_cross_bottleneck, uniq_jessica
D:3:      layout_basic, trog_book, portal_sewer_entry_d, serial_shops, shop,
          uniq_robin
D:4:      layout_loops_ring, minmay_temple_entry_mist, kennysheep_potato
D:5:      layout_cave_pools, kennysheep_mini, uniq_edmund
Temple:   nicolae_temple_little_seven

Notes
Turn   | Place    | Note
-------+----------+-------------------------------------------
     0 | D:1      | demibob the Merfolk Gladiator began the quest for the Orb.
     0 | D:1      | Reached XP level 1. HP: 16/16 MP: 1/1
   176 | D:1      | Reached XP level 2. HP: 22/22 MP: 2/2
   249 | D:1      | Reached skill level 5 in Polearms
   355 | D:1      | Reached XP level 3. HP: 27/27 MP: 3/3
   755 | D:2      | Noticed Jessica
   768 | D:2      | Killed Jessica
   769 | D:2      | Reached skill level 6 in Polearms
   769 | D:2      | Reached XP level 4. HP: 7/33 MP: 4/4
  1499 | D:2      | Reached skill level 7 in Polearms
  1838 | D:3      | Found Yturchope's Jewellery Shop.
  1989 | D:3      | Noticed Robin
  1997 | D:3      | Killed Robin
  1998 | D:3      | Reached XP level 5. HP: 30/38 MP: 5/5
  2053 | D:3      | Found a bloodstained altar of Trog.
  2901 | D:4      | Found a staircase to the Ecumenical Temple.
  2917 | Temple   | Entered the Ecumenical Temple
  2953 | Temple   | Became a worshipper of Gozag Ym Sagoz the Greedy
  2981 | D:4      | Reached skill level 8 in Polearms
  3627 | D:5      | Entered Level 5 of the Dungeon
  3698 | D:5      | Noticed a kobold brigand
  3737 | D:5      | Killed a kobold brigand
  3738 | D:5      | Reached skill level 9 in Polearms
  3738 | D:5      | Reached XP level 6. HP: 29/44 MP: 6/6
  3881 | D:5      | Reached skill level 10 in Polearms
  3900 | D:5      | Noticed Edmund
  3941 | D:5      | Reached XP level 7. HP: 27/47 MP: 7/7
  4105 | D:5      | Noticed a wyvern
  4117 | D:5      | HP: 4/50 [wyvern (10)]
  4122 | D:5      | Slain by a wyvern

Vanquished Creatures
  A kobold brigand (D:5)
  A necrophage (D:5)
  2 scorpions (D:5)
  A hound (D:4)
  A gnoll bouda (D:5)
  Jessica (D:2)
  2 iguanas
  Robin (D:3)
  3 adders
  3 gnolls (D:5)
  4 dart slugs
  5 endoplasms
  2 giant cockroaches
  11 goblins
  7 hobgoblins
  2 jackals (D:3)
  18 kobolds
  5 quokkas
  6 ball pythons
  3 bats
  5 frilled lizards
  9 rats
93 creatures vanquished.

Table legend: (Time is in decaauts)
 A = Elapsed time spent in this place.
 B = Non-inter-level travel time spent in this place.
 C = Inter-level travel time spent in this place.
 D = Time resting spent in this place.
 E = Time spent auto-exploring this place.
 F = Levels seen in this place.
 G = Mean time per level.
                   A        B        C        D        E       F      G
               +--------+--------+--------+--------+--------+-----+--------+
         Total |   4089 |   3860 |    229 |    264 |   2719 |   6 |  681.5 |
       Dungeon |   4045 |   3824 |    221 |    264 |   2691 |   5 |  809.0 |
        Temple |     44 |     36 |      8 |      0 |     28 |   1 |   44.0 |
               +--------+--------+--------+--------+--------+-----+--------+

Top non-repeatable levels by time:
     D:3: 1160 daAuts
     D:2: 1032 daAuts
     D:4: 706 daAuts
     D:1: 670 daAuts
     D:5: 474 daAuts
  Temple: 44 daAuts

Table legend:
 A = Non-vault XP
 B = Vault XP
 C = Vault XP percentage of total XP
 D = Non-vault monster count
 E = Vault monster count
 F = Vault count percentage of total count
                 A         B        C        D         E       F
            +---------+---------+-------+---------+---------+-------
      Total |     692 |      80 |  10.4 |      81 |      12 |  12.9
            +---------+---------+-------+---------+---------+-------
        D:1 |      40 |       5 |  11.1 |      25 |       4 |  13.8
        D:2 |      55 |      37 |  40.2 |      24 |       1 |   4.0
        D:3 |      20 |      38 |  65.5 |      10 |       7 |  41.2
        D:4 |      85 |       0 |   0.0 |       4 |       0 |   0.0
        D:5 |     492 |       0 |   0.0 |      18 |       0 |   0.0
            +---------+---------+-------+---------+---------+-------
